ITL
TRENTON STARS @ PORTLAND PRIVATEERS
08/08/2025
 
TOP OF THE 1ST
Trenton Stars batting - Pitching for Portland Privateers : LHP Wilbert Cooper
Pitching: LHP Wilbert Cooper
Batting: RHB Clancy Booker 0-0: Ball
1-0: Called Strike
1-1: Ball
2-1: Foul Ball, location: 2F
2-2: Ball
3-2: Strikes out swinging
Batting: RHB Felipe Olivas 0-0: Called Strike
0-1: Ball
1-1: SINGLE (Groundball, 56D)
Batting: RHB Salvador Gonzáles 0-0: Ball
1-0: Swinging Strike
1-1: Foul Ball, location: 2F
1-2: Ball
2-2: Ball
3-2: Base on Balls
Felipe Olivas to second
Batting: LHB Jeff Gordon 0-0: Called Strike
0-1: Ball
1-1: Ball
2-1: Foul Ball, location: 2F
2-2: Fielders Choice at 2nd, 3-6 (Groundball, 34)
Felipe Olivas to third
Batting: LHB Felipe Guerrero 0-0: Ball
1-0: Ball
2-0: Called Strike
2-1: Called Strike
2-2: Foul Ball, location: 2F
2-2: SINGLE (Flyball, 78S)
Felipe Olivas scores
Jeff Gordon to second
Batting: LHB Alberto Gómez 0-0: Ball
1-0: Ball
2-0: Ball
3-0: Called Strike
3-1: SINGLE (Groundball, 56S)
Jeff Gordon to third
Felipe Guerrero to second
Runner from 3rd tries for Home, SAFE, throw made home
Felipe Guerrero to third
Alberto Gómez to second
Batting: RHB Rafael Canales 0-0: Ball
1-0: Ground out U3 (Groundball, 3S)
Top of the 1st over - 2 run(s), 3 hit(s), 0 error(s), 2 left on base; Trenton 2 - Portland 0
BOTTOM OF THE 1ST
Portland Privateers batting - Pitching for Trenton Stars : RHP Chad Field
Pitching: RHP Chad Field
Batting: RHB Luis Pineda 0-0: Foul Ball, location: 2F
0-1: Ball
1-1: Swinging Strike
1-2: Strikes out swinging
Batting: SHB Bobby Cox 0-0: Ball
1-0: Ball
2-0: Called Strike
2-1: Ball
3-1: Foul Ball, location: 2F
3-2: Strikes out swinging
Batting: SHB Patrick Larson 0-0: Called Strike
0-1: Foul Ball, location: 2F
0-2: Ground out 5-3 (Groundball, 5S)
Bottom of the 1st over - 0 run(s), 0 hit(s), 0 error(s), 0 left on base; Trenton 2 - Portland 0
TOP OF THE 2ND
Trenton Stars batting - Pitching for Portland Privateers : LHP Wilbert Cooper
Batting: LHB Ju-wei Shiu 0-0: Called Strike
0-1: Swinging Strike
0-2: Ground out 4-3 (Groundball, 4)
Batting: LHB Alonzo Medine 0-0: Called Strike
0-1: Ball
1-1: Ball
2-1: Ball
3-1: Foul Ball, location: 2F
3-2: Base on Balls
Batting: RHB Clancy Booker 0-0: Called Strike
0-1: Ball
1-1: Ball
2-1: SINGLE (Groundball, 4MD)
Alonzo Medine to second
Batting: RHB Felipe Olivas 0-0: Foul Ball, location: 2F
0-1: Ball
1-1: Ball
2-1: Fly out, F6 (Popup, 6MS)
Batting: RHB Salvador Gonzáles 0-0: Called Strike
0-1: Foul Ball, location: 2F
0-2: Ball
1-2: DOUBLE (Popup, 8RS)
Alonzo Medine scores
Clancy Booker to third
Batting: LHB Jeff Gordon 0-0: Ball
1-0: Ball
2-0: Foul Ball, location: 2F
2-1: Called Strike
2-2: Strikes out swinging
Top of the 2nd over - 1 run(s), 2 hit(s), 0 error(s), 2 left on base; Trenton 3 - Portland 0
BOTTOM OF THE 2ND
Portland Privateers batting - Pitching for Trenton Stars : RHP Chad Field
Batting: LHB Dillon Beck 0-0: Ball
1-0: Called Strike
1-1: Swinging Strike
1-2: Ground out 4-3 (Groundball, 4)
Batting: RHB Troy Lau 0-0: Fly out, F8 (Flyball, 89XD)
Batting: LHB Jerry Douglas 0-0: Fly out, F7 (Flyball, 7S)
Bottom of the 2nd over - 0 run(s), 0 hit(s), 0 error(s), 0 left on base; Trenton 3 - Portland 0
TOP OF THE 3RD
Trenton Stars batting - Pitching for Portland Privateers : LHP Wilbert Cooper
Batting: LHB Felipe Guerrero 0-0: Called Strike
0-1: Ball
1-1: Foul Ball, location: 2F
1-2: Strikes out swinging
Batting: LHB Alberto Gómez 0-0: Called Strike
0-1: DOUBLE (Line Drive, 89D)
Batting: RHB Rafael Canales 0-0: Ball
1-0: Ball
2-0: Ball
3-0: Called Strike
3-1: Foul Ball, location: 2F
3-2: SINGLE (Line Drive, 78S)
Alberto Gómez to third
Batting: LHB Ju-wei Shiu 0-0: Ball
1-0: Swinging Strike
1-1: Swinging Strike
1-2: Ball
2-2: Ball
3-2: SINGLE (Line Drive, 8LS)
Alberto Gómez scores
Rafael Canales to second
Pitching: RHP Mario Ramos
Batting: LHB Alonzo Medine 0-0: Fly out, F8 (Flyball, 78D)
Batting: RHB Clancy Booker 0-0: Fly out, F8 (Flyball, 8LXD)
Top of the 3rd over - 1 run(s), 3 hit(s), 0 error(s), 2 left on base; Trenton 4 - Portland 0
BOTTOM OF THE 3RD
Portland Privateers batting - Pitching for Trenton Stars : RHP Chad Field
Batting: LHB Jeff Dorney 0-0: Called Strike
0-1: Ball
1-1: Fly out, F8 (Flyball, 8LS)
Batting: LHB Arturo López 0-0: Fly out, F9 (Flyball, 9LD)
Batting: RHB Carlos Castro 0-0: Called Strike
0-1: Called Strike
0-2: Ball
1-2: Ball
2-2: Strikes out swinging
Bottom of the 3rd over - 0 run(s), 0 hit(s), 0 error(s), 0 left on base; Trenton 4 - Portland 0
TOP OF THE 4TH
Trenton Stars batting - Pitching for Portland Privateers : RHP Mario Ramos
Batting: RHB Felipe Olivas 0-0: Called Strike
0-1: Ground out U3 (Groundball, 3)
Batting: RHB Salvador Gonzáles 0-0: Ball
1-0: Ball
2-0: Ball
3-0: Base on Balls
Batting: LHB Jeff Gordon 0-0: Called Strike
0-1: Fly out, F7 (Flyball, 78D)
Batting: LHB Felipe Guerrero 0-0: Ball
1-0: SINGLE (Line Drive, 8LS)
Salvador Gonzáles to second
Batting: LHB Alberto Gómez 0-0: Called Strike
0-1: Called Strike
0-2: Foul Ball, location: 2F
0-2: Ball
1-2: Reached on Error, E8 (Flyball, 8RD)
Salvador Gonzáles scores
Felipe Guerrero to third
Batting: RHB Rafael Canales 0-0: Swinging Strike
0-1: Ball
1-1: Called Strike
1-2: Ball
2-2: Strikes out swinging
Top of the 4th over - 1 run(s), 1 hit(s), 1 error(s), 2 left on base; Trenton 5 - Portland 0
BOTTOM OF THE 4TH
Portland Privateers batting - Pitching for Trenton Stars : RHP Chad Field
Batting: RHB Luis Pineda 0-0: Ball
1-0: Foul Ball, location: 2F
1-1: Called Strike
1-2: Ball
2-2: Foul Ball, location: 2F
2-2: Ball
3-2: Base on Balls
Batting: SHB Bobby Cox 0-0: Swinging Strike
0-1: Foul Ball, location: 2F
0-2: Grounds into double play, U4-3 (Groundball, 4M)
Batting: SHB Patrick Larson 0-0: Ball
1-0: Ground out U3 (Groundball, 3)
Bottom of the 4th over - 0 run(s), 0 hit(s), 0 error(s), 0 left on base; Trenton 5 - Portland 0
TOP OF THE 5TH
Trenton Stars batting - Pitching for Portland Privateers : RHP Mario Ramos
Batting: LHB Ju-wei Shiu 0-0: Called Strike
0-1: Ball
1-1: Ball
2-1: Ball
3-1: Base on Balls
Batting: LHB Alonzo Medine 0-0: Ball
1-0: Ball
2-0: Swinging Strike
2-1: Ball
3-1: Base on Balls
Ju-wei Shiu to second
Batting: RHB Clancy Booker 0-0: Reached on error, E2 (Groundball, 25)
Ju-wei Shiu scores
Alonzo Medine to third
Batting: RHB Felipe Olivas 0-0: Ball
1-0: Called Strike
1-1: Ball
2-1: Ground out 4-3 (Groundball, 34)
Alonzo Medine scores
Clancy Booker to third
Batting: RHB Salvador Gonzáles 0-0: DOUBLE (Flyball, 8LXD)
Clancy Booker scores
Pitching: RHP Terry Fields
Batting: LHB Jeff Gordon 0-0: Fly out, F7 (Flyball, 78D)
Batting: LHB Felipe Guerrero 0-0: Ball
1-0: Called Strike
1-1: SINGLE (Groundball, 34D) (infield hit)
Salvador Gonzáles to third
Batting: LHB Alberto Gómez 0-0: Foul Ball, location: 2F
0-1: Swinging Strike
0-2: Ball
1-2: Ball
2-2: Ball
3-2: Base on Balls
Felipe Guerrero to second
Batting: RHB Rafael Canales 0-0: Ball
1-0: Swinging Strike
1-1: Foul Ball, location: 2F
1-2: Strikes out swinging
Top of the 5th over - 3 run(s), 2 hit(s), 1 error(s), 3 left on base; Trenton 8 - Portland 0
BOTTOM OF THE 5TH
Portland Privateers batting - Pitching for Trenton Stars : RHP Chad Field
Batting: LHB Dillon Beck 0-0: Ball
1-0: Called Strike
1-1: Called Strike
1-2: Ball
2-2: Ball
3-2: Strikes out swinging
Batting: RHB Troy Lau 0-0: Called Strike
0-1: Foul Ball, location: 2F
0-2: Fly out, F8 (Flyball, 89D)
Batting: LHB Jerry Douglas 0-0: Ball
1-0: Ball
2-0: Ground out 4-3 (Groundball, 4M)
Bottom of the 5th over - 0 run(s), 0 hit(s), 0 error(s), 0 left on base; Trenton 8 - Portland 0
TOP OF THE 6TH
Trenton Stars batting - Pitching for Portland Privateers : RHP Terry Fields
Batting: LHB Ju-wei Shiu 0-0: Ball
1-0: Called Strike
1-1: SINGLE (Line Drive, 5)
Batting: LHB Alonzo Medine 0-0: Ball
1-0: Hit by Pitch
Ju-wei Shiu to second
Batting: RHB Clancy Booker 0-0: Ball
1-0: Called Strike
1-1: Ball
2-1: Called Strike
2-2: Ball
3-2: Strikes out swinging
Batting: RHB Felipe Olivas 0-0: Ball
1-0: Ball
2-0: Swinging Strike
2-1: Ball
3-1: Base on Balls
Ju-wei Shiu to third
Alonzo Medine to second
Batting: RHB Salvador Gonzáles 0-0: Ball
1-0: Foul Ball, location: 2F
1-1: Called Strike
1-2: Grounds into double play, 6-4-3 (Groundball, 6)
Top of the 6th over - 0 run(s), 1 hit(s), 0 error(s), 2 left on base; Trenton 8 - Portland 0
BOTTOM OF THE 6TH
Portland Privateers batting - Pitching for Trenton Stars : RHP Chad Field
Batting: LHB Jeff Dorney 0-0: Called Strike
0-1: Ball
1-1: DOUBLE (Flyball, 78XD)
Batting: LHB Arturo López 0-0: Ball
1-0: Called Strike
1-1: Ground out 4-3 (Groundball, 4)
Jeff Dorney to third
Batting: RHB Carlos Castro 0-0: Ball
1-0: Foul Ball, location: 2F
1-1: Ball
2-1: Ball
3-1: Reached on Error, E6 (Popup, 6D)
Jeff Dorney scores
Batting: RHB Luis Pineda 0-0: Ball
1-0: Grounds into double play, 4-6-3 (Groundball, 34)
Bottom of the 6th over - 1 run(s), 1 hit(s), 1 error(s), 0 left on base; Trenton 8 - Portland 1
TOP OF THE 7TH
Trenton Stars batting - Pitching for Portland Privateers : RHP Terry Fields
Batting: LHB Jeff Gordon 0-0: Called Strike
0-1: Swinging Strike
0-2: Ball
1-2: Strikes out looking
Pitching: LHP Alfredo González
Batting: LHB Felipe Guerrero 0-0: Called Strike
0-1: Swinging Strike
0-2: Foul Ball, location: 2F
0-2: Ball
1-2: Strikes out looking
Batting: LHB Alberto Gómez 0-0: Ball
1-0: Ball
2-0: Foul Ball, location: 2F
2-1: Called Strike
2-2: Fly out, F8 (Flyball, 8LD)
Top of the 7th over - 0 run(s), 0 hit(s), 0 error(s), 0 left on base; Trenton 8 - Portland 1
BOTTOM OF THE 7TH
Portland Privateers batting - Pitching for Trenton Stars : RHP Chad Field
Batting: SHB Bobby Cox 0-0: Foul Ball, location: 2F
0-1: Ball
1-1: Ground out 4-3 (Groundball, 4M)
Batting: SHB Patrick Larson 0-0: SINGLE (Line Drive, 6MD)
Batting: LHB Dillon Beck 0-0: Fly out, F7 (Popup, 5D)
Batting: RHB Troy Lau 0-0: Called Strike
0-1: Ball
1-1: Swinging Strike
1-2: Ball
2-2: Strikes out looking
Bottom of the 7th over - 0 run(s), 1 hit(s), 0 error(s), 1 left on base; Trenton 8 - Portland 1
TOP OF THE 8TH
Trenton Stars batting - Pitching for Portland Privateers : LHP Alfredo González
Batting: RHB Rafael Canales 0-0: Ball
1-0: Swinging Strike
1-1: Swinging Strike
1-2: Strikes out looking
Batting: LHB Ju-wei Shiu 0-0: Ball
1-0: Called Strike
1-1: Swinging Strike
1-2: Ball
2-2: Strikes out swinging
Batting: LHB Alonzo Medine 0-0: Ball
1-0: Foul Ball, location: 2F
1-1: Foul Ball, location: 2F
1-2: Ball
2-2: Strikes out swinging
Top of the 8th over - 0 run(s), 0 hit(s), 0 error(s), 0 left on base; Trenton 8 - Portland 1
BOTTOM OF THE 8TH
Portland Privateers batting - Pitching for Trenton Stars : RHP Chad Field
Batting: LHB Jerry Douglas 0-0: Ball
1-0: Fly out, F3 (Popup, 3SF)
Batting: LHB Jeff Dorney 0-0: Ball
1-0: Called Strike
1-1: SOLO HOME RUN (Flyball, 9D), Distance : 385 ft
Batting: LHB Arturo López 0-0: Called Strike
0-1: Ball
1-1: Ball
2-1: Foul Ball, location: 2F
2-2: Strikes out swinging
Batting: RHB Carlos Castro 0-0: Ball
1-0: Fly out, F8 (Flyball, 8RD)
Bottom of the 8th over - 1 run(s), 1 hit(s), 0 error(s), 0 left on base; Trenton 8 - Portland 2
TOP OF THE 9TH
Trenton Stars batting - Pitching for Portland Privateers : LHP Alfredo González
Batting: RHB Clancy Booker 0-0: Called Strike
0-1: Fly out, F9 (Popup, 9S)
Batting: RHB Felipe Olivas 0-0: Called Strike
0-1: DOUBLE (Groundball, 3L)
Batting: RHB Salvador Gonzáles 0-0: Called Strike
0-1: Swinging Strike
0-2: Strikes out swinging
Batting: LHB Jeff Gordon 0-0: Called Strike
0-1: Ball
1-1: Called Strike
1-2: Ball
2-2: Foul Ball, location: 2F
2-2: Strikes out swinging
Top of the 9th over - 0 run(s), 1 hit(s), 0 error(s), 1 left on base; Trenton 8 - Portland 2
BOTTOM OF THE 9TH
Portland Privateers batting - Pitching for Trenton Stars : RHP Chad Field
Now at SS: Kenji Murayama
Batting: RHB Luis Pineda 0-0: Ground out 6-3 (Groundball, 6)
Batting: SHB Bobby Cox 0-0: Ball
1-0: Swinging Strike
1-1: Called Strike
1-2: Ball
2-2: Foul Ball, location: 2F
2-2: Strikes out swinging
Batting: SHB Patrick Larson 0-0: Called Strike
0-1: Fly out, F7 (Flyball, 7M)
Bottom of the 9th over - 0 run(s), 0 hit(s), 0 error(s), 0 left on base; Trenton 8 - Portland 2
This league is powered by Out of the Park Baseball, the baseball management simulation game for PC, Mac and Linux
Tuesday, August 2nd, 2016 - OOTP Baseball 16.8 Build 38